 Dungeon Crawl Stone Soup version 0.30.1-11-g7821555f0a (webtiles) character file.

Game seed: 12476380064441792786

72 SacredBeard the Conjurer (level 3, -8/28 HPs)
             Began as a Demigod Conjurer on Nov 5, 2023.
             Mangled by a gnoll
             ... wielding a +0 flail
              (12 damage)
             ... on level 3 of the Dungeon.
             The game lasted 00:04:58 (2036 turns).

SacredBeard the Conjurer (Demigod Conjurer)         Turns: 2036, Time: 00:04:58

Health: -8/28      AC:  2    Str:  8    XL:     3   Next: 80%
Magic:  3/8        EV: 12    Int: 20    God:
Gold:   162        SH:  0    Dex: 16    Spells: 3/6 levels left

rFire   . . .        (no weapon)
rCold   . . .        (no shield)
rNeg    . . .        a - +0 robe
rPois   .            (no helmet)
rElec   .            (no cloak)
rCorr   .            (no gloves)
SInv    .            (no boots)
Will    .....        (no amulet)
Stlth   ++           (no ring)
HPRegen 0.24/turn    (no ring)
MPRegen 0.11/turn

%: no passive effects
@: no status effects
A: high MP 1, forlorn, divine attributes
a: no special abilities


You were on level 3 of the Dungeon.
You visited 1 branch of the dungeon, and saw 3 of its levels.

You collected 162 gold pieces.

Inventory:

Armour
 a - a +0 robe (worn)
Scrolls
 c - 5 scrolls of identify {unknown}
 d - a scroll of silence {unknown}
 e - a scroll of torment {unknown}
Potions
 b - a potion of magic
 f - a potion of mutation {unknown}
 g - 2 potions of haste {unknown}


   Skills:
 + Level 1.1 Fighting
 + Level 1.0 Armour
 - Level 2.0 Dodging
 + Level 2.2 Stealth
 + Level 2.2 Spellcasting
 * Level 4.1 Conjurations


You had 3 spell levels left.
You knew the following spells:

 Your Spells              Type           Power      Damage    Failure   Level
a - Magic Dart            Conj           72%        1d6       2%          1
b - Searing Ray           Conj           36%        2d5       4%          2

Your spell library contained the following spells:

 Spells                   Type           Power      Damage    Failure   Level
 Shock                    Conj/Air       40%        1d5       7%          1
 Dazzling Flash           Conj/Hex       20%        N/A       21%         3
 Cigotuvi's Dreadful Rot  Necr/Pois/Air  4%         N/A       24%         2
 Swiftness                Air            2%         N/A       43%         3
 Fulminant Prism          Conj/Hex       5%         3d7       54%         4
 Iskenderun's Mystic Bla  Conj/Tloc      10%        2d4       54%         4
 Airstrike                Air            1%         2d(1-17)  83%         4
 Dispel Undead            Necr           2%         3d7       83%         4
 Death Channel            Necr           1%         N/A       100%        6


Dungeon Overview and Level Annotations

Branches:
Dungeon (3/15) Zot: 15964

Shops:
D:1 [!

Annotations:
D:3 3 runed translucent doors, Quickbrownfox's ghost, weakling DsCj


Innate Abilities, Weirdness & Mutations

You have an increased reservoir of magic. (+10% MP)
You shall have no god before yourself.
Your divine heritage dramatically boosts your attributes as you level up.


Message History

You kill the bat!
You now have 162 gold pieces (gained 10).
A gnoll comes into view. It is wielding a +0 spear.
The gnoll shouts!
The magic dart hits the gnoll.
The gnoll is moderately wounded.
A gnoll comes into view. It is wielding a +0 flail.
The magic dart hits the gnoll but does no damage.
The gnoll is moderately wounded.
The gnoll shouts!
The magic dart hits the gnoll.
The gnoll is moderately wounded.
A gnoll comes into view.
It is wielding a +0 flail of protection.
The magic dart hits the gnoll but does no damage.
The gnoll is moderately wounded.
The gnoll shouts!
The magic dart hits the gnoll.
The gnoll is severely wounded.
The gnoll hits you from afar with a +0 spear.
The magic dart hits the gnoll.
The gnoll is severely wounded.
The gnoll hits you from afar with a +0 spear.
The magic dart hits the gnoll.
You kill the gnoll!
A gnoll comes into view. It is wielding a +0 flail.
Your Armour skill increases to level 1!
The magic dart hits the gnoll.
The gnoll is moderately wounded.
The gnoll shouts!
The gnoll attacks as you move away! The gnoll closely misses you.
The gnoll attacks as you move away! The gnoll closely misses you.
The gnoll attacks as you move away! The gnoll barely misses you.
The gnoll attacks as you move away! The gnoll hits you with a +0 flail!
The gnoll attacks as you move away! The gnoll hits you with a +0 flail.
The gnoll attacks as you move away! The gnoll hits you with a +0 flail!
* * * LOW HITPOINT WARNING * * *
There is a stone staircase leading down here.
You can't go up here!
The gnoll hits you with a +0 flail!
You die...

...#...#.##...................#
.#.#.#................... ...#
...#...##.#.....g........ #..#
..###........###..(.#.######..###
#............# #....#... ........
#####..#####.# #....#.### #.##.##
#####..#####.# #g...#.#####......
.............# #g......).##.##.##
############## #@.....##.##.##...
# ######.......##### #
####)##.##### # #.##...... #
#.######## # #.# # ... #.# #.#


You could see 3 gnolls.

Vanquished Creatures
  A gnoll (D:3)
  3 adders
  A worm (D:3)
  An orc (D:3)
  2 endoplasms
  A giant cockroach (D:1)
  5 goblins
  4 hobgoblins
  A quokka (D:1)
  A ball python (D:2)
  2 bats
  2 frilled lizards
  3 kobolds
  4 rats
31 creatures vanquished.

Notes
Turn   | Place    | Note
-------+----------+-------------------------------------------
     0 | D:1      | SacredBeard the Demigod Conjurer began the quest for the
                  | Orb.
     0 | D:1      | Reached XP level 1. HP: 14/14 MP: 5/5
    20 | D:1      | Found Soysaoch's Distillery.
    87 | D:1      | You fall into a shaft and drop 1 floor!
   168 | D:1      | Found Cipnaoly's Armour Shoppe.
   379 | D:1      | Reached XP level 2. HP: 20/20 MP: 2/7
   550 | D:1      | Learned a level 2 spell: Searing Ray
  1325 | D:2      | Reached XP level 3. HP: 20/27 MP: 3/8
  1326 | D:2      | Reached skill level 4 in Conjurations
  1575 | D:3      | Reached skill level 1 in Fighting
  1872 | D:3      | Found a runed translucent gate.
  1872 | D:3      | Found a runed translucent gate.
  1875 | D:3      | Noticed Quickbrownfox's ghost (weakling DsCj)
  1879 | D:3      | Found a runed translucent gate.
  2015 | D:3      | Reached skill level 1 in Armour
  2036 | D:3      | Mangled by a gnoll

Illustrated notes

Levels and vault maps discovered:
D:1:      beargit_arrival_diablo_church, layout_loops_ring, serial_shops, shop,
          shop
D:2:      layout_rooms
D:3:      layout_loops_cross, ebering_ghost_rock_garden, kennysheep_nondescript,
          ebering_dispersal_statue_hall, nicolae_wormholes

Skill      XL: |  1  2  3 |
---------------+----------+-----
Dodging        | 2 |  2.0
Stealth        | 2 |  2.2
Spellcasting   | 2 |  2.2
Conjurations   | 4 |  4.1
Fighting       | 1 |  1.1
Armour         | 1 |  1.0

Action                     || total
---------------------------++-------
   Cast: Magic Dart        ||    74
  Dodge: Dodged            ||     4
